 Dungeon Crawl Stone Soup version 0.22.3-3-g34f245f157 (webtiles) character file.

8 DrunkBamboolord the Vexing (level 2, 0/23 HPs)
             Began as a Centaur Arcane Marksman on Apr 14, 2024.
             Slain by a kobold
             ... wielding a +0 dagger
              (1 damage)
             ... on level 1 of the Dungeon.
             The game lasted 00:02:18 (294 turns).

DrunkBamboolord the Vexing (Centaur Arcane Marksman) Turns: 294, Time: 00:02:19

Health: 0/23       AC:  4    Str: 12    XL:     2   Next: 0%
Magic:  3/3        EV:  9    Int: 12    God:
Gold:   5          SH:  0    Dex:  9    Spells: 2/3 levels left

rFire    . . .     SeeInvis .   (no weapon)
rCold    . . .     Gourm    .   (no shield)
rNeg     . . .     Faith    .   g - +0 leather armour (curse)
rPois    .         Spirit   .   (no helmet)
rElec    .         Reflect  .   (no cloak)
rCorr    +         Harm     .   (no gloves)
MR       .....                  (no barding)
Stlth    ..........             (no amulet)
HPRegen  0.07/turn              e - ring of resist corrosion
MPRegen  0.08/turn              (no ring)

@: very quick
A: large, hooves 3, deformed body, speed 2, tough skin 3
a: no special abilities


You were on level 1 of the Dungeon.
You were not hungry.

You visited 1 branch of the dungeon, and saw 1 of its levels.

You collected 5 gold pieces.

Inventory:

Hand Weapons
 a - a +0 hand crossbow
Missiles
 d - 19 bolts
Armour
 g - a cursed +0 leather armour (worn)
Jewellery
 e - a ring of resist corrosion (left hand)
Potions
 b - a potion of lignification {unknown}
 h - 2 potions of agility {unknown}
Comestibles
 c - 8 chunks of flesh
 f - a ration


   Skills:
 * Level 1.3 Fighting
 * Level 2.4 Crossbows
 * Level 1.5 Dodging
 + Level 1.0 Spellcasting
 + Level 2.7 Hexes


You had 2 spell levels left.
You knew the following spells:

 Your Spells              Type           Power        Failure   Level  Hunger
a - Corona                Hex            #......      12%         1    ##.....

Your spell library contained the following spells:

 Spells                   Type           Power        Failure   Level  Hunger
 Slow                     Hex            #.......     19%         2    ###....
 Inner Flame              Hex/Fire       #.......     54%         3    ####...
 Portal Projectile        Hex/Tloc       #.....       54%         3    ####...
 Cause Fear               Hex            #.........   77%         4    #####..
 Leda's Liquefaction      Hex/Erth       #.........   91%         4    #####..


Dungeon Overview and Level Annotations

Branches:
Dungeon (1/15)

Altars:


Innate Abilities, Weirdness & Mutations

You have hooves in place of feet.
Armour fits poorly on your strangely shaped body.
You cover ground very quickly.
You have extremely tough skin. (AC +3)


Message History

The giant cockroach bites you but does no damage.
You closely miss the giant cockroach. Your kick misses the giant cockroach.
The giant cockroach is heavily wounded.
The giant cockroach barely misses you.
You hit the giant cockroach.
You kill the giant cockroach!
You barely miss the frilled lizard.
The frilled lizard bites you but does no damage.
You barely miss the frilled lizard. The frilled lizard closely misses you.
You closely miss the frilled lizard. The frilled lizard bites you.
* * * LOW HITPOINT WARNING * * *
You miss the frilled lizard. You kick the frilled lizard.
You kill the frilled lizard!
You have reached level 2!
You closely miss the kobold. The kobold hits you with a dagger.
* * * LOW HITPOINT WARNING * * *
You hit the kobold.
The kobold is moderately wounded.
The kobold hits you with a dagger.
You die...

........#######..#
###
.≈###...s......>#
...
#...#..#########
.⌠ ≈≈#.⌠.#..#... .
≈≈#...#.##.###
###≈≈≈≈###..Kl...#
..≈≈≈≈≈≈.....###.#
..≈≈≈≈≈≈.....# #K#
###≈≈≈≈###...# #@#
...#≈≈#...#.## #.#
.⌠.#≈≈#)⌠.#.# #.#
...#≈≈#...#.# #.#
###≈..≈###..# #..
..÷....)....# ###
.#.#.###[.###
.#.#.# #.#######
.#.#.# #÷.......


You could see a kobold.

Vanquished Creatures
  2 ball pythons (D:1)
  2 giant cockroaches (D:1)
  A goblin (D:1)
  2 frilled lizards (D:1)
7 creatures vanquished.

Notes
Turn   | Place    | Note
-------+----------+-------------------------------------------
     0 | D:1      | DrunkBamboolord the Centaur Arcane Marksman began the quest
                  | for the Orb.
     0 | D:1      | Reached XP level 1. HP: 16/16 MP: 2/2
   292 | D:1      | Reached XP level 2. HP: 1/23 MP: 3/3
   293 | D:1      | HP: 1/23 [kobold/dagger (1)]
   294 | D:1      | Slain by a kobold

Action                   || total
-------------------------++-------
Melee: Unarmed           ||    28
       Kick              ||     5
 Fire: Hand crossbow     ||     9
Armor: Leather armour    ||    12
       Robe              ||     1
Dodge: Dodged            ||    13
